Map: Lerilak Crest

Players

GerichRail (Rail)

  • Race: Protoss Protoss

Namshar - Winner!

  • Race: Zerg Zerg
  • League: Grandmaster

Event: DreamHack ZOWIE Open Leipzig

VOD

Have the link to the VOD?

Description

Time

  • Played on: Jan. 22, 2016, 10:28 a.m.
  • Length: 15:49

All games in this series

Show
View Real Time Build Order
Export as new Build Order

GerichRail Protoss 

Build Orders: 1 Gate Expand, Oracle Opening 

Get SALT Encoding   

  12  0:01  Probe (Chrono Boost)  
  13  0:11  Probe (Chrono Boost)  
  14  0:18  Pylon  
  14  0:23  Probe (Chrono Boost)  
  15  0:36  Probe (Chrono Boost)  
  15  0:40  Gateway  
  16  0:47  Probe (Chrono Boost)  
  16  0:48  Assimilator  
  17  0:57  Probe (Chrono Boost)  
  18  1:08  Probe (Chrono Boost)  
  20  1:18  Probe (Chrono Boost)  
  20  1:25  Nexus  
  20  1:30  Assimilator  
  20  1:32  Probe (Chrono Boost)  
  21  1:43  Probe (Chrono Boost), Pylon  
  22  1:53  Probe (Chrono Boost)  
  23  1:55  Cybernetics Core  
  23  2:04  Probe (Chrono Boost)  
  24  2:14  Probe (Chrono Boost)  
  25  2:25  Probe (Chrono Boost)  
  26  2:34  Adept, Stargate  
  26  2:36  Probe (Chrono Boost)  
  31  2:37  Mothership Core (Chrono Boost)  
  31  2:46  Probe (Chrono Boost)  
  31  2:47  Pylon  
  32  2:56  Probe (Chrono Boost)  
  32  2:57  Probe (Chrono Boost)  
  34  3:01  Adept  
  36  3:06  Probe (Chrono Boost)  
  36  3:07  Probe (Chrono Boost)  
  36  3:09  Gateway  
  38  3:15  Pylon  
  38  3:17  Probe (Chrono Boost)  
  38  3:18  Oracle  
  42  3:21  Probe (Chrono Boost)  
  43  3:27  Probe (Chrono Boost)  
  43  3:29  Adept  
  46  3:35  Gateway  
  46  3:36  Probe (Chrono Boost)  
  47  3:49  Probe (Chrono Boost)  
  47  3:50  Assimilator  
  47  3:51  Probe (Chrono Boost)  
  47  3:53  Assimilator  
  47  3:54  Oracle  
  52  4:02  Probe (Chrono Boost)  
  51  4:04  Probe (Chrono Boost)  
  51  4:07  Gateway  
  51  4:09  Pylon  
  52  4:11  Warp Gate  
  52  4:12  Probe (Chrono Boost)  
  52  4:14  Probe (Chrono Boost)  
  54  4:23  Probe (Chrono Boost)  
  55  4:25  Probe (Chrono Boost)  
  56  4:31  Stalker x3  
  56  4:33  Probe (Chrono Boost), Pylon  
  56  4:35  Probe (Chrono Boost)  
  64  4:44  Probe (Chrono Boost)  
  65  4:45  Gateway  
  65  4:46  Probe (Chrono Boost)  
  65  4:47  Pylon  
  66  4:54  Twilight Council  
  66  4:55  Probe (Chrono Boost)  
  66  4:56  Stalker  
  70  5:00  Probe (Chrono Boost)  
  70  5:16  Nexus  
  70  5:17  Pylon  
  70  5:18  Probe (Chrono Boost)  
  70  5:19  Probe (Chrono Boost)  
  70  5:20  Pylon  
  72  5:31  Blink (Chrono Boost)  
  72  5:32  Probe x2 (Chrono Boost)  
  74  5:38  Stalker x2  
  74  5:39  Stalker  
  74  5:42  Probe (Chrono Boost)  
  82  5:43  Probe (Chrono Boost), Pylon  
  82  5:53  Probe x2 (Chrono Boost)  
  84  6:03  Probe (Chrono Boost)  
  84  6:04  Probe (Chrono Boost)  
  86  6:05  Gateway  
  86  6:07  Pylon  
  86  6:14  Probe (Chrono Boost)  
  86  6:15  Stalker x3, Pylon  
  86  6:16  Stalker  
  86  6:17  Stalker  
  97  6:19  Probe (Chrono Boost)  
  98  6:37  Assimilator  
  98  6:38  Sentry  
  98  6:39  Stalker x3, Assimilator  
  106  6:40  Stalker  
  108  6:47  Gateway  
  108  6:49  Gateway  
  108  6:52  Pylon  
  108  7:00  Stalker  
  108  7:01  Stalker x3  
  114  7:03  Stalker  
  114  7:04  Stalker  
  120  7:12  Robotics Facility  
  120  7:16  Pylon  
  120  7:24  Stalker  
  120  7:25  Stalker x2  
  126  7:31  Stalker x3  
  126  7:34  Probe  
  126  7:36  Pylon  
  133  7:40  Pylon  
  133  7:46  Stalker x3  
  133  7:47  Stalker  
  141  7:53  Stalker x2  
  141  7:55  Stalker x2  
  149  8:00  Observer (Chrono Boost)  
  150  8:09  Stalker x3  
  156  8:15  Stalker x2  
  156  8:19  Charge (Chrono Boost)  
  160  8:29  Immortal (Chrono Boost)  
  164  8:36  Robotics Facility  
  164  8:46  Forge  
  164  8:48  Robotics Facility  
  164  8:57  Pylon  
  164  8:59  Pylon  
  164  9:01  Pylon  
  164  9:03  Immortal (Chrono Boost)  
  168  9:11  Pylon  
  168  9:12  Protoss Ground Weapons Level 1 (Chrono Boost)  
  168  9:22  Forge  
  172  9:24  Immortal (Chrono Boost)  
  172  9:26  Zealot  
  172  9:27  Zealot x2  
  172  9:28  Zealot  
  172  9:30  Zealot  
  182  9:42  Immortal (Chrono Boost)  
  182  9:43  Immortal (Chrono Boost)  
  182  9:44  Templar Archives  
  180  9:50  Protoss Shields Level 1 (Chrono Boost)  
  184  9:58  Immortal (Chrono Boost)  
  188  10:07  Zealot  
  188  10:08  Nexus, Zealot x2, Psionic Storm  
  194  10:16  Pylon  
  194  10:22  High Templar x2  
  194  10:23  High Templar  
  194  10:28  Pylon  
  200  10:36  Archon  
  178  10:43  Probe x2  
  178  10:44  Immortal (Chrono Boost)  
  178  10:45  Immortal (Chrono Boost), Protoss Ground Weapons Level 2  
  178  10:46  Probe, Immortal (Chrono Boost)  
  178  10:48  High Templar  
  186  10:50  Photon Cannon  
  186  10:52  Photon Cannon  
  186  10:54  Photon Cannon  
  186  10:55  Probe, Photon Cannon  
  187  10:59  Assimilator  
  187  11:04  Assimilator  
  187  11:10  Probe x2  
  189  11:23  Observer (Chrono Boost)  
  185  11:28  Zealot x3  
  180  11:38  Probe x3, Observer x2 (Chrono Boost)  
  172  11:49  Probe (Chrono Boost)  
  172  11:50  Probe (Chrono Boost)  
  172  11:52  Probe x2 (Chrono Boost)  
  176  12:00  Probe (Chrono Boost)  
  177  12:01  High Templar  
  177  12:02  Probe (Chrono Boost), High Templar x2  
  177  12:04  Probe (Chrono Boost)  
  185  12:09  Archon  
  185  12:11  Probe (Chrono Boost)  
  185  12:13  Probe (Chrono Boost)  
  187  12:16  Pylon  
  187  12:18  Probe (Chrono Boost)  
  187  12:20  Probe (Chrono Boost)  
  192  12:30  Probe x2 (Chrono Boost)  
  192  12:31  Probe (Chrono Boost)  
  192  12:32  Probe (Chrono Boost)  
  193  12:40  Probe x2 (Chrono Boost), Zealot  
  193  12:41  Zealot  
  193  12:43  Probe (Chrono Boost)  
  200  12:49  Zealot  
  200  12:50  Zealot x2  
  191  13:00  Probe (Chrono Boost)  
  191  13:01  Probe (Chrono Boost)  
  191  13:02  Probe x2 (Chrono Boost)  
  193  13:09  Immortal  
  193  13:11  Probe (Chrono Boost)  
  190  13:14  Probe x2 (Chrono Boost)  
  188  13:20  Probe (Chrono Boost)  
  188  13:21  Probe (Chrono Boost)  
  192  13:27  Probe x2 (Chrono Boost)  
  192  13:30  Immortal x2  
  192  13:31  Probe (Chrono Boost)  
  192  13:32  Probe (Chrono Boost)  
  192  13:33  High Templar x4  
  196  13:41  Archon x2  
  196  13:44  Protoss Shields Level 2 (Chrono Boost)  
  196  13:47  Zealot x2  
  200  14:04  Photon Cannon  
  200  14:05  Zealot  
  200  14:06  Zealot, Photon Cannon  
  200  14:08  Probe x2  
  200  14:09  Probe  
  197  14:10  Probe  
  130  14:32  Immortal x2 (Chrono Boost)  
  118  14:41  Probe, High Templar x5  
  118  14:42  Probe x2  
  118  14:43  Probe  
  128  14:50  High Templar x2  
  115  14:57  Archon  
  115  14:58  Sentry  
  109  15:03  Archon x2  
  109  15:05  Probe x2  
  119  15:15  Stalker x2  
  119  15:17  Stalker x2  
  119  15:18  Stalker  
Show
View Real Time Build Order
Export as new Build Order

Namshar Zerg - Winner!

Build Orders: Hatch First, Lurkers 

Get SALT Encoding   

  12  0:00  Drone  
  13  0:07  Drone  
  14  0:17  Overlord  
  14  0:21  Extractor  
  14  0:23  Drone  
  15  0:35  Drone x2  
  17  0:51  Hatchery  
  17  0:54  Drone  
  17  0:58  Drone  
  18  1:11  Spawning Pool  
  17  1:14  Drone  
  18  1:20  Extractor  
  17  1:28  Drone  
  17  1:29  Drone  
  19  1:37  Overlord  
  19  1:48  Drone  
  20  1:57  Queen  
  23  2:01  Drone  
  23  2:03  Zergling x2, Queen  
  26  2:10  Drone  
  27  2:16  Drone  
  27  2:22  Metabolic Boost  
  28  2:25  Drone x2  
  30  2:33  Drone  
  31  2:38  Hatchery  
  31  2:42  Overlord  
  30  2:45  Drone  
  30  2:47  Drone  
  32  2:52  Queen  
  32  2:58  Drone  
  35  2:59  Drone  
  35  3:08  Drone x2  
  35  3:12  Zergling x10  
  42  3:13  Zergling x2  
  42  3:17  Overlord  
  43  3:21  Drone  
  44  3:28  Overlord  
  44  3:35  Drone  
  45  3:43  Extractor  
  45  3:44  Extractor  
  45  3:45  Drone x2  
  45  3:46  Drone x4  
  45  3:47  Drone  
  45  3:48  Drone  
  51  3:53  Drone  
  52  4:01  Drone  
  52  4:02  Drone  
  53  4:03  Drone  
  53  4:04  Roach Warren  
  53  4:10  Spore Crawler  
  53  4:12  Drone x2  
  54  4:21  Spore Crawler  
  54  4:22  Spore Crawler  
  49  4:27  Drone x2  
  49  4:28  Drone x2  
  53  4:36  Drone x3  
  53  4:37  Overlord  
  53  4:38  Overlord  
  56  4:40  Drone x6  
  62  4:47  Lair  
  62  4:50  Evolution Chamber  
  61  4:53  Queen  
  61  4:57  Drone x3, Overlord  
  61  4:59  Drone  
  66  5:12  Drone  
  66  5:13  Drone x3  
  70  5:15  Overlord  
  70  5:18  Roach, Extractor  
  70  5:19  Roach x5  
  80  5:25  Drone x3  
  80  5:26  Drone  
  84  5:31  Drone  
  84  5:32  Extractor  
  84  5:34  Drone x3  
  87  5:37  Overlord  
  88  5:42  Drone  
  88  5:44  Evolution Chamber, Zerg Melee Weapons Level 1  
  88  5:48  Drone x3  
  88  5:49  Drone  
  91  5:50  Extractor  
  91  5:52  Spore Crawler  
  91  5:53  Spore Crawler  
  88  5:57  Spore Crawler  
  88  6:01  Drone x2  
  88  6:02  Drone x2  
  88  6:03  Drone  
  92  6:04  Glial Reconstitution  
  92  6:08  Drone  
  92  6:09  Hydralisk Den, Zerg Ground Armor Level 1  
  92  6:12  Overlord x2  
  92  6:13  Zergling x2  
  92  6:14  Zergling x4  
  95  6:37  Lurker Den  
  95  6:39  Hatchery, Overlord x3, Hydralisk  
  94  6:40  Hydralisk x6, Extractor  
  94  6:41  Hydralisk  
  94  6:44  Overlord  
  109  6:47  Drone  
  109  6:48  Hydralisk  
  109  6:49  Hydralisk  
  114  7:00  Drone, Overlord  
  115  7:02  Hatchery  
  115  7:05  Hydralisk x2  
  118  7:10  Extractor  
  117  7:25  Overlord  
  117  7:27  Hydralisk x6  
  128  7:30  Zergling x14  
  134  7:39  Zergling x14  
  136  8:04  Lurker x10  
  146  8:06  Zergling x16  
  146  8:07  Zergling x18  
  146  8:11  Lurker  
  164  8:17  Overlord  
  164  8:18  Overlord x3  
  164  8:19  Zergling x2  
  163  8:34  Zerg Melee Weapons Level 2  
  163  8:35  Zerg Ground Armor Level 2  
  163  8:36  Overlord  
  163  8:37  Overlord  
  163  8:40  Drone x2  
  165  8:46  Overlord, Lurker x2  
  167  8:49  Zergling x2  
  167  8:50  Hatchery, Zergling x12  
  167  8:53  Lurker  
  174  8:56  Overseer  
  172  9:10  Drone  
  172  9:13  Infestation Pit  
  168  9:39  Zergling x10  
  168  9:40  Zergling x12  
  168  9:42  Hatchery  
  165  9:57  Lurker  
  165  9:58  Lurker x2  
  162  10:00  Hive  
  155  10:14  Hydralisk x3  
  155  10:15  Hydralisk x5  
  155  10:21  Hydralisk x2  
  171  10:23  Zergling x26  
  187  10:35  Lurker  
  187  10:42  Zergling x2  
  188  10:43  Zergling x12  
  187  10:51  Zergling x6  
  187  10:52  Lurker  
  187  10:53  Lurker x3  
  190  11:02  Drone x3  
  193  11:05  Queen  
  193  11:09  Lurker  
  193  11:10  Lurker  
  191  11:26  Zergling x16  
  196  11:36  Adrenal Glands  
  196  11:37  Spire  
  196  11:38  Zerg Ground Armor Level 3, Zerg Melee Weapons Level 3  
  188  11:55  Hydralisk x3  
  188  11:56  Hydralisk  
  190  12:09  Spore Crawler  
  190  12:11  Drone, Spine Crawler  
  190  12:12  Drone x6, Spine Crawler  
  190  12:14  Spine Crawler  
  190  12:15  Spine Crawler  
  184  12:17  Spine Crawler, Zergling x2  
  184  12:18  Zergling x20  
  194  12:23  Zergling x2  
  194  12:24  Zergling x2  
  196  12:32  Zergling x2  
  196  12:33  Zergling x4  
  199  12:43  Zergling x2  
  199  12:44  Zergling x6  
  192  12:50  Corruptor x3  
  192  12:51  Corruptor x2, Greater Spire  
  195  12:58  Zergling x4  
  195  12:59  Zergling x8  
  190  13:16  Zergling x20  
  195  13:25  Corruptor x3  
  198  13:37  Zergling x2  
  199  13:44  Pneumatized Carapace  
  199  13:46  Burrow  
  199  13:50  Spine Crawler  
  199  13:51  Spine Crawler x2  
  199  13:52  Spine Crawler  
  179  14:12  Brood Lord  
  176  14:23  Zergling x38  
  176  14:24  Zergling x4  
  129  14:37  Zergling x8  
  105  15:00  Drone x10  
  105  15:01  Drone x3  
  105  15:04  Drone x2  
  105  15:05  Brood Lord  
  105  15:06  Brood Lord  
  124  15:10  Brood Lord  
  126  15:15  Overseer  
  130  15:31  Zergling x6  

Tags
 
Add a new tag
Caveats
  • Supply blocks, unpowered buildings, or Contaminate may cause inaccurate times.
  • Supply counts are checked every 10 seconds.